 Dungeon Crawl Stone Soup version 0.30.0-10-gfe55d96785 (webtiles) character file.

Game seed: 14662550254689290491

3416 JoshKwa the Thaumaturge (level 9, -2/72 HPs)
             Began as a Demigod Fire Elementalist on May 15, 2023.
             Slain by a shadow (32 damage)
             ... on level 8 of the Dungeon on May 16, 2023.
             The game lasted 00:45:50 (8744 turns).

JoshKwa the Thaumaturge (Demigod Fire Elementalist) Turns: 8744, Time: 00:45:51

Health: -2/72      AC:  8    Str: 17    XL:     9   Next: 47%
Magic:  21/34      EV: 11    Int: 21    God:
Gold:   934        SH:  0    Dex: 14    Spells: 6/25 levels left

rFire   . . .        b - +4 short sword (freeze)
rCold   . . .        (no shield)
rNeg    . . .        e - +0 swamp dragon scales
rPois   +            (helmet restricted)
rElec   .            n - +0 cloak
rCorr   .            (no gloves)
SInv    .            (no boots)
Will    .....        g - amulet of magic regeneration
Stlth   +            a - ring of magical power
HPRegen 0.32/turn    q - ring of wizardry
MPRegen 0.64/turn

%: wizardry (x1)
@: mighty, about to teleport
A: high MP 1, forlorn, divine attributes, horns 1
a: no special abilities


You were on level 8 of the Dungeon.
You visited 1 branch of the dungeon, and saw 8 of its levels.

You collected 1001 gold pieces.
You spent 67 gold pieces at shops.

Inventory:

Hand Weapons
 b - a +4 short sword of freezing (weapon)
Missiles
 o - 2 throwing nets
Armour
 e - +0 swamp dragon scales (worn)
 n - a +0 cloak (worn)
 u - a +0 robe of fire resistance
Magical Staves
 j - a staff of death
Jewellery
 a - a ring of magical power (left hand)
 g - an amulet of magic regeneration (around neck)
 i - a ring of poison resistance
 q - a ring of wizardry (right hand)
 t - a ring of protection from fire
Wands
 d - a wand of flame (14)
 m - a wand of roots (4)
Scrolls
 l - 3 scrolls of teleportation
 p - a scroll of enchant weapon
 r - a scroll of immolation
Potions
 f - a potion of flight
 h - a potion of magic
 k - a potion of mutation
 s - a potion of cancellation


   Skills:
 * Level 4.6 Fighting
 + Level 2.7 Short Blades
 + Level 0.6 Armour
 + Level 3.2 Dodging
 + Level 2.6 Stealth
 - Level 0.1 Unarmed Combat
 * Level 8.6 Spellcasting
 + Level 0.9 Conjurations
 + Level 6.2 Fire Magic
 + Level 1.0 Evocations


You had 6 spell levels left.
You knew the following spells:

 Your Spells              Type           Power      Damage    Failure   Level
a - Foxfire               Conj/Fire      96%        2x1d8     1%          1
b - Scorch                Fire           70%        2d7       1%          2
c - Volatile Blastmotes   Fire/Tloc      44%        2d13      4%          3
d - Poisonous Vapours     Pois/Air       18%        N/A       9%          2
e - Plasma Beam           Fire/Air       11%        2x1d24    90%         6
f - Blink                 Tloc           18%        N/A       9%          2
g - Vhi's Electric Charg  Tloc/Air       18%        N/A       16%         3

Your spell library contained the following spells:

 Spells                   Type           Power      Damage    Failure   Level
 Inner Flame              Hex/Fire       22%        N/A       4%          3
 Sting                    Tmut/Pois      36%        1d4       6%          1
 Momentum Strike          Conj/Tloc      22%        3d8       7%          2
 Lesser Beckoning         Tloc           18%        N/A       9%          2
 Flame Wave               Conj/Fire      24%        2d8       12%         4
 Olgreb's Toxic Radiance  Pois           9%         N/A       45%         4
 Arcjolt                  Conj/Air       5%         1d15      75%         5


Dungeon Overview and Level Annotations

Branches:
Dungeon (8/15)             Temple (0/1) D:5
   Lair: D:8-11

Shops:
D:2 *   D:3 ?   D:4 (


Innate Abilities, Weirdness & Mutations

You have an increased reservoir of magic. (+10% MP)
You shall have no god before yourself.
Your divine heritage dramatically boosts your attributes as you level up.
You have a pair of small horns on your head.


Message History

The shadow slips into darkness.
The shadow flickers and vanishes!
Deactivating autopickup; reactivate with Ctrl-A.
The shadow strikes at you from the darkness!
Reactivating autopickup.
The shadow is no longer more vulnerable to fire.
Casting: Scorch (safe; 1% risk of failure)
Press: ? - help, Q - select action, (/) - cycle Dir - look around, f - activate Look: a shadow (lightly damaged) Flames lash the orc.
You kill the orc!
The shadow slips into darkness.
The shadow flickers and vanishes!
Deactivating autopickup; reactivate with Ctrl-A.
Casting: Scorch (safe; 1% risk of failure)
Press: ? - help, Q - select action, (/) - cycle Dir - look around, f - activate Flames lash something but do no damage.
The shadow strikes at you from the darkness!
Reactivating autopickup.
The shadow attacks as you move away! The shadow hits you.
The shadow slips into darkness.
The shadow flickers and vanishes!
Deactivating autopickup; reactivate with Ctrl-A.
Okay, then.
Unknown command.
As you read the scroll of teleportation, it crumbles to dust.
You feel strangely unstable.
The shadow strikes at you from the darkness!
Reactivating autopickup.
Your magical contamination has completely faded away.
Casting: Scorch (safe; 1% risk of failure)
Press: ? - help, Q - select action, (/) - cycle Dir - look around, f - activate Flames lash the shadow.
The shadow is moderately damaged.
The shadow's fire resistance burns away.
The shadow slips into darkness.
The shadow flickers and vanishes!
Deactivating autopickup; reactivate with Ctrl-A.
The shadow strikes at you from the darkness!
You die...

# ##. #.. #.# # #.## #.#
#))####### .... #####
#..).....### .....
##...#####.(.)......#
......####)###.@............##
.....)o)<.##_##.....#####..##
......#####...####### ###.#
..#.. ##.........## #.##
#..###..##...##..### ##.# ...
#_..###_._###.._# ##.## .o
###..#######..#########...# .
##.........###..........#
#####.##### ###....###.#


There were no monsters in sight!

Vanquished Creatures
  Pikel (D:7)
  A gargoyle (D:8)
  Maggie (D:7)
  Sigmund (D:4)
  Edmund (D:4)
  A water moccasin (D:8)
  An orc warrior (D:8)
  A sky beast (D:6)
  A black bear (D:4)
  4 ogres
  2 bullfrogs
  3 scorpions
  A gnoll sergeant (D:7)
  2 electric eels
  4 orc priests
  A jelly (D:6)
  5 hounds
  8 orc wizards
  A sleepcap (D:5)
  Natasha (thrice) (D:3)
  5 adders
  8 gnolls
  2 shadow imps
  4 white imps
  2 worms
  3 dart slugs
  36 orcs
  9 ball pythons
  10 endoplasms
  3 giant cockroaches
  11 goblins
  4 hobgoblins
  16 jackals
  7 quokkas
  6 bats
  3 frilled lizards
  5 kobolds
  20 rats
197 creatures vanquished.

Vanquished Creatures (others)
  36 foxfires (D:1)
36 creatures vanquished.

Grand Total: 233 creatures vanquished

Notes
Turn   | Place    | Note
-------+----------+-------------------------------------------
     0 | D:1      | JoshKwa the Demigod Fire Elementalist began the quest for
                  | the Orb.
     0 | D:1      | Reached XP level 1. HP: 14/14 MP: 5/5
   135 | D:1      | Reached XP level 2. HP: 19/20 MP: 0/7
   750 | D:1      | Learned a level 2 spell: Scorch
   794 | D:1      | Reached skill level 2 in Spellcasting
   885 | D:1      | Reached XP level 3. HP: 17/27 MP: 2/8
  1282 | D:2      | Found Ushrudoe's Assorted Antiques.
  1296 | D:2      | Bought a scroll labelled ZAL ECEMNOSSAM for 28 gold pieces
  1974 | D:2      | Reached XP level 4. HP: 32/34 MP: 4/10
  2888 | D:3      | Noticed Natasha
  2894 | D:3      | Killed Natasha
  2895 | D:3      | Reached skill level 1 in Short Blades
  2925 | D:3      | Learned a level 1 spell: Sting
  3011 | D:3      | Reached skill level 1 in Fighting
  3013 | D:3      | Reached XP level 5. HP: 8/40 MP: 2/12
  3015 | D:3      | Reached skill level 3 in Spellcasting
  3088 | D:3      | Noticed Natasha
  3098 | D:3      | Killed Natasha
  3213 | D:3      | Noticed a green death
  3223 | D:3      | Noticed an angel
  3346 | D:3      | Found Jifiraot's Magic Scroll Shop.
  3356 | D:3      | Bought a scroll of teleportation for 39 gold pieces
  3423 | D:3      | Noticed Natasha
  3430 | D:3      | Killed Natasha
  3522 | D:4      | Noticed Sigmund
  3525 | D:4      | Gained mutation: You have a pair of small horns on your
                  | head. [potion of mutation]
  3525 | D:4      | Gained mutation: You have hidden genetic potential. [potion
                  | of mutation]
  3525 | D:4      | Lost mutation: You have hidden genetic potential. [potion
                  | of mutation]
  3531 | D:4      | Killed Sigmund
  3532 | D:4      | Reached XP level 6. HP: 28/48 MP: 9/15
  3638 | D:4      | Found Sos Hyf's Antique Weapon Boutique.
  3749 | D:4      | Reached skill level 4 in Spellcasting
  4361 | D:4      | Noticed Edmund
  4781 | D:4      | Killed Edmund
  4782 | D:4      | Reached XP level 7. HP: 38/55 MP: 1/17
  4884 | D:5      | Entered Level 5 of the Dungeon
  4893 | D:5      | Found a staircase to the Ecumenical Temple.
  4951 | D:5      | Reached skill level 5 in Spellcasting
  5317 | D:5      | Reached XP level 8. HP: 61/63 MP: 10/20
  5651 | D:5      | Learned a level 2 spell: Poisonous Vapours
  5658 | D:5      | Learned a level 6 spell: Plasma Beam
  5701 | D:6      | Reached skill level 6 in Spellcasting
  5707 | D:6      | Identified a scroll of acquirement
  5708 | D:6      | Acquired 570 gold pieces
  6096 | D:6      | Reached skill level 5 in Fire Magic
  6650 | D:6      | Learned a level 3 spell: Volatile Blastmotes
  6653 | D:6      | Learned a level 2 spell: Blink
  6797 | D:6      | Reached skill level 7 in Spellcasting
  7263 | D:7      | Noticed Pikel
  7336 | D:7      | Noticed Maggie
  7449 | D:7      | Killed Pikel
  7450 | D:7      | Reached XP level 9. HP: 53/71 MP: 24/24
  7538 | D:7      | Killed Maggie
  7568 | D:7      | Learned a level 3 spell: Vhi's Electric Charge
  7748 | D:7      | Reached skill level 8 in Spellcasting
  7754 | D:7      | Found a flagged portal.
  8303 | D:8      | Noticed a gargoyle
  8314 | D:8      | Killed a gargoyle
  8559 | D:8      | Reached skill level 1 in Evocations
  8744 | D:8      | Slain by a shadow

Illustrated notes

Levels and vault maps discovered:
D:1:      matt_arrival_los_fun, layout_basic
D:2:      layout_basic, serial_shops, nicolae_shop_dealshenge,
          chequers_ecumenical_altar_simple_redux, minmay_rat_hole
D:3:      minmay_general_purpose_star, layout_rooms,
          grunt_temple_overflow_order_and_chaos_2,
          gammafunk_temple_overflow_pools, nzn_wu_jian_contemplation,
          serial_shops, nicolae_lakefront_shop, uniq_natasha
D:4:      layout_basic, serial_shops, nicolae_shop_tiny_waterfront,
          uniq_sigmund, uniq_edmund
D:5:      layout_gridville, minmay_temple_entry_tees, hangedman_decor_slide_cut,
          st_stairs_12
D:6:      layout_cave_pools, minmay_joined_circles
D:7:      layout_loops_ring, mainiacjoe_overflow_24_doors, enter_bailey_8,
          kennysheep_path_1, kennysheep_diamond, uniq_pikel, uniq_maggie
D:8:      layout_layer_cave, chequers_temple_overflow_minitemple,
          kennysheep_little_box, grunt_ministairs_3, serial_bayou_ford_a,
          nrook_loot_triangle, nicolae_shop_unique_rings

Skill      XL: |  1  2  3  4  5  6  7  8  9 |
---------------+----------------------------+-----
Stealth        | 2 |  2.6
Fire Magic     | 3 4 5 6 |  6.2
Dodging        | 2 3 |  3.2
Spellcasting   | 2 3 4 5 7 8 |  8.6
Short Blades   | 1 2 |  2.7
Fighting       | 1 2 3 4 |  4.6
Evocations     | 1 |  1.0
Armour         | |  0.6
Unarmed Combat | |  0.1
Conjurations   | |  0.9

Action                     |  1- 3 |  4- 6 |  7- 9 || total
---------------------------+-------+-------+-------++-------
  Melee: Unarmed           |    11 |       |       ||    11
         Dagger            |   143 |    46 |       ||   189
         Punch             |     1 |     1 |       ||     2
         Short sword       |       |    31 |    60 ||    91
         Headbutt          |       |     8 |    16 ||    24
   Cast: Foxfire           |    25 |       |       ||    25
         Scorch            |    22 |    44 |   161 ||   227
         Poisonous Vapours |       |       |     1 ||     1
  Evoke: Wand              |       |     3 |    18 ||    21
    Use: Scroll            |     3 |     5 |    16 ||    24
         Potion            |       |     7 |     5 ||    12
   Stab: Sleeping          |     2 |     2 |       ||     4
 Armour: Robe              |    44 |    13 |    15 ||    72
         Swamp dragon scal |       |       |     4 ||     4
  Dodge: Dodged            |   123 |    45 |    88 ||   256
